 Dungeon Crawl Stone Soup version 0.31-a0-881-ge136f0c47a (webtiles) character file.

Game seed: 10967262431465312067

245 Psyclone the Conjurer (level 5, -1/30 HPs)
             Began as a Deep Elf Conjurer on Oct 15, 2023.
             Succumbed to a kobold brigand's poison
             ... on level 3 of the Dungeon.
             The game lasted 00:07:54 (4122 turns).

Psyclone the Conjurer (Deep Elf Conjurer)           Turns: 4122, Time: 00:07:54

Health: -1/30      AC:  4    Str:  4    XL:     5   Next: 83%
Magic:  6/13       EV: 12    Int: 25    God:
Gold:   196        SH:  0    Dex: 13    Spells: 7/13 levels left

rFire   . . .        f - +0 dagger
rCold   . . .        (no shield)
rNeg    . . .        a - +0 robe
rPois   .            e - +0 helmet
rElec   .            (no cloak)
rCorr   .            h - +0 pair of gloves
SInv    .            (no boots)
Will    .....        (no amulet)
Stlth   ++           (no ring)
HPRegen 1.05/turn    (no ring)
MPRegen 0.13/turn

%: no passive effects
@: lethally poisoned (-1 -> -7)
A: hooves 1, regeneration 1, robust 1, evolution 1
a: no special abilities


You were on level 3 of the Dungeon.
You visited 1 branch of the dungeon, and saw 3 of its levels.

You collected 196 gold pieces.

Inventory:

Hand Weapons
 f - a +0 dagger (weapon)
Missiles
 p - a throwing net {!f}
Armour
 a - a +0 robe (worn)
 e - a +0 helmet (worn)
 h - a +0 pair of gloves (worn)
Jewellery
 c - a ring of fire
 d - a ring of protection from cold
Scrolls
 g - a scroll of poison
 j - a scroll of butterflies {unknown}
 k - a scroll of fog {unknown}
 n - 2 scrolls of identify {@r1}
 o - a scroll of amnesia {unknown}
Potions
 b - a potion of magic
 l - a potion of invisibility


   Skills:
 - Level 2.4 Dodging
 - Level 2.4 Stealth
 + Level 4.5 Spellcasting
 + Level 6.7 Conjurations
 + Level 2.2 Air Magic


You had 7 spell levels left.
You knew the following spells:

 Your Spells              Type           Power      Damage    Failure   Level
a - Magic Dart            Conj           100%       1d8       1%          1
b - Searing Ray           Conj           78%        2d7       1%          2
r - Swiftness             Air            16%        N/A       11%         3

Your spell library contained the following spells:

 Spells                   Type           Power      Damage    Failure   Level
 Dazzling Flash           Conj/Hex       44%        N/A       6%          3
 Ensorcelled Hibernation  Hex/Ice        10%        N/A       13%         2
 Passwall                 Tmut/Erth      4%         N/A       13%         2
 Fulminant Prism          Conj/Hex       11%        3d8       22%         4
 Iskenderun's Mystic Bla  Conj/Tloc      22%        2d6       22%         4


Dungeon Overview and Level Annotations

Branches:
Dungeon (3/15) Zot: 13854

Altars:
Yredelemnul

Shops:
D:2 (


Innate Abilities, Weirdness & Mutations

You have large cloven feet.
Your natural rate of healing is unusually fast.
You are robust. (+10% HP)
You have hidden genetic potential.


Message History

Casting: Searing Ray (safe; 1% risk of failure)
Confirm with . or Enter, or press ? or * to list all spells.
Aiming: Searing Ray (safe; 1% risk of failure)
Press: ? - help, Shift-Dir - straight line, f - kobold
Aim: a kobold, wielding a +0 club (moderately wounded, very poisoned, 76% to hit)
Okay, then.
You feel very sick.
The kobold brigand throws a poisoned dart.
The poisoned dart hits you!
You are more poisoned.
The kobold barely misses you.
You take 2 damage, and have 17/30 hp.
You feel very sick.
You take 4 damage, and have 13/30 hp.
You feel very sick.
You take 3 damage, and have 10/30 hp.
You feel very sick.
The kobold shouts!
The kobold brigand throws a poisoned dart.
The poisoned dart hits you!
You are lethally poisoned!
You take 2 damage, and have 8/30 hp.
* * * LOW HITPOINT WARNING * * *
You feel very sick.
You take 4 damage, and have 4/30 hp.
Casting: Searing Ray (safe; 1% risk of failure)
Confirm with . or Enter, or press ? or * to list all spells.
Aiming: Searing Ray (safe; 1% risk of failure)
Press: ? - help, Shift-Dir - straight line, f - kobold brigand
Aim: a kobold brigand, wielding a +0 whip and quivering poisoned darts (76% to hit)
The searing ray misses the kobold brigand.
The searing ray hits the kobold!
You kill the kobold! (Press . to maintain the ray.)
* * * LOW HITPOINT WARNING * * *
You feel very sick.
You take 3 damage, and have 1/30 hp.
You now have 7/13 mp.
The searing ray hits the kobold brigand!
The kobold brigand is moderately wounded.
You die...

≈~~~~~~....~~~~≈~~~~≈≈~≈~~~~≈~~≈~
~≈≈≈≈~~.....~≈≈~≈≈≈≈≈≈≈≈~≈≈≈≈≈≈≈≈
≈≈≈≈≈~~....~~≈≈~≈≈≈≈≈≈≈≈≈≈≈≈≈≈≈≈≈
########''#######################
#....# #.....## ##... #....#
+....).###....
#######)...#########..)....#.....
.....#.....)#)...........(.#..)..
.....'...(..')..@.K).......).)K..
.....#......#†.....K.......#.....
#######....#########.K.....#.....
#....# ......'......###....
#....# .....K#.....## ##...
###### ############# ####


You could see 2 kobold brigands and a kobold.

Vanquished Creatures
  A kobold brigand (D:3)
  An iguana (D:3)
  2 adders (D:2)
  2 dart slugs (D:1)
  2 orcs (D:3)
  10 bats
  9 endoplasms
  6 giant cockroaches
  9 goblins
  10 hobgoblins
  7 jackals
  25 kobolds
  6 quokkas
  8 ball pythons
  6 frilled lizards
  8 rats
112 creatures vanquished.

Notes
Turn   | Place    | Note
-------+----------+-------------------------------------------
     0 | D:1      | Psyclone the Deep Elf Conjurer began the quest for the Orb.
     0 | D:1      | Reached XP level 1. HP: 10/10 MP: 6/6
   126 | D:1      | Reached XP level 2. HP: 9/15 MP: 1/8
   180 | D:1      | Reached skill level 5 in Conjurations
   378 | D:1      | Learned a level 2 spell: Searing Ray
   520 | D:1      | Reached XP level 3. HP: 19/19 MP: 6/9
   680 | D:1      | You fall into a shaft and drop 1 floor!
   988 | D:2      | Found Nikkiggu's Antique Weapon Shoppe.
   997 | D:2      | Reached skill level 6 in Conjurations
  1112 | D:2      | Learned a level 3 spell: Swiftness
  1405 | D:2      | Reached XP level 4. HP: 24/24 MP: 8/10
  2462 | D:1      | Gained mutation: You have hidden genetic potential. [potion
                  | of mutation]
  2462 | D:1      | Gained mutation: You are robust. (+10% HP) [potion of
                  | mutation]
  2462 | D:1      | Gained mutation: Your natural rate of healing is unusually
                  | fast. [potion of mutation]
  2730 | D:3      | Found a basalt altar of Yredelemnul.
  2760 | D:3      | Reached skill level 1 in Air Magic
  3085 | D:3      | Reached XP level 5. HP: 30/30 MP: 10/12
  3988 | D:3      | HP: 1/30 [kobold/+0 club (2)]
  3994 | D:3      | Gained mutation: You have large cloven feet. [hidden
                  | potential]
  4121 | D:3      | HP: 1/30 [poisoned by a kobold brigand]
  4122 | D:3      | Succumbed to a kobold brigand's poison

Illustrated notes

Levels and vault maps discovered:
D:1:      roderic_chinese_lattice_arrival, layout_loops_ring,
          minmay_stone_trees_small, kennysheep_doodads, minmay_statues_item,
          minivault_5, minmay_misc_feat_encased, minmay_pentomino_p4
D:2:      minmay_razor_zed, layout_loops_ring, serial_shops,
          nicolae_shop_crystal
D:3:      minmay_goblin_kobold_castle, layout_basic, lemuel_round_altar

Skill      XL: |  1  2  3  4  5 |
---------------+----------------+-----
Conjurations   | 5 6 |  6.7
Air Magic      | 1 2 |  2.2
Spellcasting   | 4 |  4.5
Dodging        | |  2.4
Stealth        | |  2.4

Action                     |  1- 3 |  4- 6 || total
---------------------------+-------+-------++-------
  Melee: Unarmed           |     5 |       ||     5
   Cast: Magic Dart        |    75 |    92 ||   167
         Searing Ray       |       |     6 ||     6
    Use: Potion            |       |     7 ||     7
         Scroll            |       |     2 ||     2
 Armour: Robe              |    21 |    23 ||    44
  Dodge: Dodged            |    36 |    38 ||    74

Table legend: (Time is in decaauts)
 A = Elapsed time spent in this place.
 B = Non-inter-level travel time spent in this place.
 C = Inter-level travel time spent in this place.
 D = Time resting spent in this place.
 E = Time spent auto-exploring this place.
 F = Levels seen in this place.
 G = Mean time per level.
                   A        B        C        D        E       F      G
               +--------+--------+--------+--------+--------+-----+--------+
         Total |   4145 |   3917 |    228 |    348 |   2771 |   3 | 1381.7 |
       Dungeon |   4145 |   3917 |    228 |    348 |   2771 |   3 | 1381.7 |
               +--------+--------+--------+--------+--------+-----+--------+

Top non-repeatable levels by time:
     D:3: 1473 daAuts
     D:1: 1372 daAuts
     D:2: 1299 daAuts
